AoeStats
← Navix de los Bosques de Lituania

Black Forest

509543412Analyzed
2v2 RM · 3d ago on Sep 27, 2026· 76m 25s· 4 players
Game mode
Random Map
Map size
Medium (4 player)
Population
200
Speed
Normal
Resources
Standard
Victory
Conquest
Starting age
Dark Age
Ending age
Imperial Age
RankedLock teamsTeams togetherTeam positionsShared explorationLock speedFull tech treeHidden civsTurbo modeCheats
Victory
Defeat
🇲🇽 Lithuanians · Mexico
774
+16
🇲🇽 Varangians · Mexico
768
+16
🇨🇴 Slavs · Colombia
776
-16
760
-16
Navix de los Bosques de Lituania
6:01 Loom
12:47 Feudal Age
14:40 Wheelbarrow
17:16 Castle Age
15:41 Double-Bit Axe
16:34 Horse Collar
19:43 Masonry
21:27 Fletching
21:37 Padded Archer Armor
22:27 Hand Cart
23:12 Bow Saw
23:49 Heavy Plow
24:37 Caravan
25:15 Coinage
32:57 Imperial Age
31:42 Bodkin Arrow
32:02 Leather Archer Armor
31:58 Forging
31:47 Crossbowman
32:32 Thumb Ring
31:49 Elite Skirmisher
33:18 Arbalester
35:22 Architecture
35:05 Fortified Wall
35:17 Ballistics
35:58 Chemistry
35:17 Murder Holes
37:19 Banking
37:37 Bracer
38:07 Ring Archer Armor
38:14 Iron Casting
37:39 Scale Mail Armor
40:07 Elite Chu Ko Nu
40:50 Great Wall
40:28 Sappers
42:37 Chain Mail Armor
43:22 Blast Furnace
42:14 Elite Fire Lancer
42:50 Arson
45:45 Plate Mail Armor
Derzer
10:17 Feudal Age
12:25 Man-at-Arms
16:48 Double-Bit Axe
16:46 Horse Collar
17:31 Scale Mail Armor
21:08 Wheelbarrow
25:24 Castle Age
26:06 Forging
26:25 Squires
26:58 Caravan
27:14 Bow Saw
27:06 Heavy Plow
28:47 Husbandry
29:47 Stone Mining
30:36 Long Swordsman
31:57 Bloodlines
31:46 Gold Mining
38:35 Imperial Age
36:18 Detinets
36:43 Scale Barding Armor
38:12 Gold Shaft Mining
39:23 Coinage
40:10 Elite Boyar
42:25 Iron Casting
41:52 Two-Handed Swordsman
43:35 Town Watch
45:19 Chain Barding Armor
46:00 Blast Furnace
47:01 Conscription
47:27 Druzhina
47:46 Champion
50:01 Chain Mail Armor
54:09 Hoardings
54:13 Plate Barding Armor
54:09 Plate Mail Armor
53:03 Pikeman
54:50 Banking
55:23 Two-Man Saw
67:28 Halberdier
IsackGtz
0:40 Loom
14:03 Feudal Age
14:57 Horse Collar
15:05 Double-Bit Axe
16:23 Gold Mining
16:23 Stone Mining
16:27 Fishing Lines
23:27 Castle Age
23:30 Arson
24:01 Forging
23:51 Scale Mail Armor
24:01 Fletching
25:31 Padded Archer Armor
27:23 Iron Casting
27:03 Chain Mail Armor
26:52 Squires
26:38 Gambesons
26:47 Gambesons
27:34 Heavy Plow
29:47 Stone Shaft Mining
29:28 Bow Saw
30:16 Bodkin Arrow
31:30 Gillnets
32:48 Masonry
32:48 Fortified Wall
34:00 Treadmill Crane
36:57 Imperial Age
35:22 Wheelbarrow
35:57 Fervor
35:45 Murder Holes
36:11 Ballistics
36:02 Clinker Construction
37:15 Elite Varangian Guard
38:58 Blast Furnace
38:28 Plate Mail Armor
38:08 Caravan
38:27 Hand Cart
37:58 Town Watch
39:15 Crop Rotation
40:18 Two-Man Saw
39:35 Town Patrol
40:11 Conscription
40:36 Carvel Hull
39:50 Gothikon
43:10 Scale Barding Armor
43:07 Bracer
43:22 Leather Archer Armor
43:19 Elite Jarl
44:23 Chain Barding Armor
44:17 Bloodlines
44:07 Husbandry
47:15 Architecture
46:51 Siege Engineers
47:47 Chemistry
47:58 Plate Barding Armor
Satania Joestar
1:41 Loom
13:04 Feudal Age
19:26 Castle Age
21:00 Double-Bit Axe
20:57 Horse Collar
24:10 Gold Mining
24:58 Forging
24:50 Stone Mining
28:54 Bow Saw
28:47 Heavy Plow
32:16 Scale Barding Armor
35:25 Iron Casting
35:11 Chain Barding Armor
34:45 Fletching
39:17 Wheelbarrow
39:25 Bloodlines
39:17 Husbandry
41:29 Stone Shaft Mining
43:47 Imperial Age
44:43 Hand Cart
44:50 Hand Cart
44:08 Elite Leitis
45:34 Plate Barding Armor
45:27 Conscription
47:16 Elite Skirmisher
48:03 Thumb Ring
48:00 Padded Archer Armor
47:56 Bodkin Arrow
48:02 Town Watch
49:02 Crop Rotation
50:50 Two-Man Saw
49:56 Town Patrol
53:00 Bracer
53:16 Leather Archer Armor
53:25 Caravan
54:23 Fervor
54:34 Sanctity
55:09 Ring Archer Armor
54:43 Tower Shields
55:21 Hoardings
56:11 Chemistry
55:32 Ballistics
55:23 Fortified Wall
55:25 Masonry
55:11 Murder Holes
Connection lost

Rejoining the realm…

Still unreachable

The connection could not be restored.

Session expired

The server has moved on; the page needs a fresh start.